 Dungeon Crawl Stone Soup version 0.30-a0-168-g0b976cbdc4 (webtiles) character file.

Game seed: 11890464981196938802

46 IdlyInterested the Slasher (level 3, -8/28 HPs)
             Began as a Demonspawn Gladiator on Sept 29, 2022.
             Succumbed to a kobold's poison
             ... on level 2 of the Dungeon.
             The game lasted 00:02:37 (1905 turns).

IdlyInterested the Slasher (Demonspawn Gladiator)   Turns: 1905, Time: 00:02:38

Health: -8/28      AC:  6    Str: 14    XL:     3   Next: 44%
Magic:  3/3        EV: 12    Int:  9    God:
Gold:   100        SH:  0    Dex: 16    Spells: 2/2 levels left

rFire   . . .      SeeInvis .    a - +0 long sword
rCold   . . .      Faith    .    (no shield)
rNeg    . . .      Spirit   .    j - +0 ring mail
rPois   .          Reflect  .    c - +0 helmet
rElec   .          Harm     .    (no cloak)
rCorr   .          Rampage  .    (no gloves)
Will    .....                    (no boots)
Stlth   +.........               (no amulet)
HPRegen 0.09/turn                (no ring)
MPRegen 0.16/turn                (no ring)

@: lethally poisoned (-8 -> -42)
A: magic regeneration, sturdy frame 1
a: no special abilities


You were on level 2 of the Dungeon.
You visited 1 branch of the dungeon, and saw 2 of its levels.

You collected 100 gold pieces.

Inventory:

Hand Weapons
 a - a +0 long sword (weapon)
Missiles
 d - 3 throwing nets (quivered)
 e - a javelin
Armour
 b - a +0 leather armour
 c - a +0 helmet (worn)
 j - a +0 ring mail (worn)
Magical Staves
 m - a staff of cold
Scrolls
 g - 2 scrolls of magic mapping
 i - a scroll of fear
 l - a scroll of brand weapon {unknown}
Potions
 f - a potion of might
 h - a potion of ambrosia
 k - a potion of resistance {unknown}


   Skills:
 + Level 2.7 Fighting
 - Level 3.0 Long Blades
 + Level 2.4 Throwing
 - Level 3.0 Dodging


You had 2 spell levels left.
You didn't know any spells.
Your spell library was empty.

Dungeon Overview and Level Annotations

Branches:
Dungeon (2/15)

Altars:


Innate Abilities, Weirdness & Mutations

You regenerate magic rapidly.
Your movements are slightly less encumbered by armour. (ER -2)


Message History

There is a stone staircase leading down here.
You climb downwards.
There is a stone staircase leading up here.
A kobold comes into view. It is wielding a +0 dagger of venom.
The kobold shouts!
You closely miss the kobold. The kobold hits you but does no damage.
The kobold misses you.
You miss the kobold. The kobold misses you.
You completely miss the kobold.
The kobold hits you with a +0 dagger of venom.
You are poisoned.
You closely miss the kobold.
You feel sick. The kobold hits you but does no damage.
You are more poisoned.
You barely miss the kobold.
You feel very sick. The kobold hits you but does no damage.
The kobold hits you with a +0 dagger of venom.
You are lethally poisoned!
You hit the kobold but do no damage.
You feel very sick. The kobold misses you.
You hit the kobold but do no damage.
You feel very sick. The kobold closely misses you.
You barely miss the kobold.
* * * LOW HITPOINT WARNING * * *
You feel very sick. The kobold hits you but does no damage.
You are more poisoned.
You hit the kobold but do no damage.
* * * LOW HITPOINT WARNING * * *
You feel very sick. The kobold hits you but does no damage.
You are more poisoned.
The kobold hits you with a +0 dagger of venom.
* * * LOW HITPOINT WARNING * * *
You are more poisoned.
You hit the kobold but do no damage.
You die...

###.######......##..
#.......##......##..
#.#.###.##..........
#.#..##.##.....###..
#.##.##.###.#.## #.#
#.##.#.....###.###.#
#...........#...##.#
#####.#.#..#.##.##.##.#
*********#....K@.#..#.#####.##.#
**,,,,,,,*#.###.#...............#
*,,*****,**,**#.#..#.#.##....####
,,,,,,,,,,,,,,...............#
*,,*****,**,*#.##......##...##
*,,*****,**,...,.......#...##
,,,,,,,,,**###.#########...#
********** #.,* #...# * ******,**
#...#


You could see a kobold.

Vanquished Creatures
  2 adders (D:2)
  A dart slug (D:1)
  A bat (D:1)
  10 endoplasms
  A giant cockroach (D:1)
  2 hobgoblins (D:1)
  A quokka (D:2)
  3 ball pythons
  A goblin (D:1)
  2 rats (D:1)
24 creatures vanquished.

Notes
Turn   | Place    | Note
-------+----------+-------------------------------------------
     0 | D:1      | IdlyInterested the Demonspawn Gladiator began the quest for
                  | the Orb.
     0 | D:1      | Reached XP level 1. HP: 16/16 MP: 1/1
   426 | D:1      | Gained mutation: You regenerate magic rapidly. [demonic
                  | ancestry]
   426 | D:1      | Reached XP level 2. HP: 13/22 MP: 2/2
   627 | D:1      | Found a faded altar of an unknown god.
  1658 | D:2      | Gained mutation: Your movements are slightly less
                  | encumbered by armour. (ER -2) [demonic ancestry]
  1658 | D:2      | Reached XP level 3. HP: 23/28 MP: 3/3
  1904 | D:2      | HP: 1/28 [kobold/+0 dagger of venom (1)]
  1905 | D:2      | Succumbed to a kobold's poison

Illustrated notes

Levels and vault maps discovered:
D:1:      mrwooster_arrival_statue, layout_loops_ring,
          shapermc_ecumenical_altar_gd
D:2:      layout_loops_cross

Skill      XL: |  1  2 |
---------------+-------+-----
Long Blades    | 3 |  3.0
Dodging        | 3 |  3.0
Throwing       | 2 |  2.4
Fighting       | |  2.7

Action                   || total
-------------------------++-------
Melee: Long sword        ||    83
  Use: Scroll            ||     5
Armor: Leather armour    ||     5
       Ring mail         ||    16
Dodge: Dodged            ||    46

Table legend: (Time is in decaauts)
 A = Elapsed time spent in this place.
 B = Non-inter-level travel time spent in this place.
 C = Inter-level travel time spent in this place.
 D = Time resting spent in this place.
 E = Time spent auto-exploring this place.
 F = Levels seen in this place.
 G = Mean time per level.
                   A        B        C        D        E       F      G
               +--------+--------+--------+--------+--------+-----+--------+
         Total |   1927 |   1839 |     88 |    742 |    821 |   2 |  963.5 |
       Dungeon |   1927 |   1839 |     88 |    742 |    821 |   2 |  963.5 |
               +--------+--------+--------+--------+--------+-----+--------+

Top non-repeatable levels by time:
     D:1: 1186 daAuts
     D:2: 741 daAuts
